 Dungeon Crawl Stone Soup version 0.31-a0-200-gbc41564c69 (webtiles) character file.

Game seed: 5156892087774493552

218432 qw the Acrobat (level 18, -13/120 HPs)
             Began as a Deep Elf Hunter on June 25, 2023.
             Was a High Priest of Okawaru.
             Killed by a resonance strike
             ... invoked by Zenata
              (31 damage)
             ... on level 1 of the Vaults.
             The game lasted 00:16:13 (30745 turns).

qw the Acrobat (Deep Elf Hunter)                   Turns: 30745, Time: 00:16:13

Health: -13/120    AC: 32    Str: 17    XL:     18   Next: 41%
Magic:  22/27      EV: 38    Int: 17    God:    Okawaru [*****.]
Gold:   2220       SH:  0    Dex: 29    Spells: 17/17 levels left

rFire   + + .        l - +8 longbow "Qellyup" {flame, rF+ Dex+3 SInv}
rCold   + . .        (shield currently unavailable)
rNeg    + . .        h - +9 ring mail of Giuteh {rElec rN+ Will- Str+5}
rPois   .            m - +2 helmet
rElec   +            k - scarf {rC+ rF+}
rCorr   .            z - +2 pair of gloves
SInv    +            b - +2 pair of boots
Will    .....        y - amulet of faith
Stlth   +++          w - +4 ring of protection
HPRegen 0.40/turn    f - +6 ring of dexterity
MPRegen 0.20/turn

%: faith
@: lethally poisoned (-13 -> -16), about to teleport, heroic, finesse-ful
A: no striking features
}: 1/15 runes: decaying
a: Renounce Religion, Heroism, Finesse, Duel


You were on level 1 of the Vaults.
You worshipped Okawaru.
Okawaru was extremely pleased with you.
You visited 7 branches of the dungeon, and saw 31 of its levels.
You visited the Abyss 1 time.

You collected 3212 gold pieces.
You spent 992 gold pieces at shops.


   Skills:
 - Level 16.0(21.0) Fighting
 - Level 22.0(27) Ranged Weapons
 + Level 9.3(14.3) Armour
 - Level 22.0(27) Dodging
 - Level 1.2(6.2) Stealth
 - Level 10.0 Invocations


You had 17 spell levels left.
You didn't know any spells.
Your spell library was empty.

Inventory:

Hand Weapons
 l - the +8 longbow "Qellyup" (weapon) {flame, rF+ Dex+3 SInv}
   (Okawaru gifted it to you on level 4 of the Lair of Beasts)

   Dex:       It affects your dexterity (+3).
   rF:        It protects you from fire.
   SInv:      It lets you see invisible.
 B - a +0 triple crossbow of draining
Armour
 b - a +2 pair of boots (worn)
 h - the +9 ring mail of Giuteh (worn) {rElec rN+ Will- Str+5}
   (You found it on level 2 of the Dungeon)

   Str:       It affects your strength (+5).
   rElec:     It insulates you from electricity.
   rN:        It protects you from negative energy.
   Will:      It decreases your willpower.
 k - a scarf of resistance (worn)
 m - a +2 helmet (worn)
 o - the scarf of the Lion {+Inv, Will- rCorr Dex+2}
   (You acquired it on level 11 of the Dungeon)

   Dex:       It affects your dexterity (+2).
   rCorr:     It protects you from acid and corrosion.
   Will:      It decreases your willpower.
 s - +0 fire dragon scales
 t - a +1 cloak
 v - the +1 scale mail "Zapedet" {rC- Regen+ Dex+6 SInv}
   (You found it on level 1 of the Lair of Beasts)

   Dex:       It affects your dexterity (+6).
   rC:        It makes you vulnerable to cold.
   SInv:      It lets you see invisible.
   Regen:     It increases your rate of health regeneration.
 z - a +2 pair of gloves (worn)
Jewellery
 a - an amulet of reflection
 f - a +6 ring of dexterity (right hand)
 p - a ring of protection from fire
 w - a +4 ring of protection (left hand)
 y - an amulet of faith (around neck)
Wands
 r - a wand of digging (2)
Scrolls
 g - 18 scrolls of identify
 i - a scroll of enchant armour
 x - 3 scrolls of enchant weapon
Potions
 c - 6 potions of mutation
 d - 5 potions of enlightenment
 e - 7 potions of might
 j - 11 potions of curing
 n - 2 potions of haste
 q - a potion of heal wounds
 u - 3 potions of magic

Dungeon Overview and Level Annotations

Branches:
Dungeon (15/15)            Temple (1/1) D:5            Lair (5/5) D:11
  Swamp (4/4) Lair:2        Snake (3/4) Lair:2        Slime (0/5) Lair:4
    Orc (2/2) D:10            Elf (0/3) Orc:2        Vaults (1/5) D:14
 Depths (0/4) D:15

Altars:
Ashenzari
Cheibriados
Dithmenos
Elyvilon
Fedhas
Gozag
Hepliaklqana
Kikubaaqudgha
Makhleb
Nemelex Xobeh
Okawaru
Qazlal
Ru
Sif Muna
Trog
Uskayaw
Vehumet
Wu Jian
Xom
Yredelemnul
Zin
The Shining One

Shops:
D:4 [   Orc:2 [*((:   Snake:2 *   Snake:3 *

Portals:
Trove: D:13 (give 14 potions of curing)

Annotations:
D:11 3 runed translucent doors, Dusieq's ghost, journeyman DsCj; Motwaexy's ghost, journeyman OgHW; ProzacElf's ghost, journeyman SpAE
Lair:5 1 runed translucent door
Vaults:1 Zenata


Message History

The arrow hits the +4 halberd of freezing but does no damage.
You feel sick.
The +4 halberd of freezing barely misses you.
The +0 halberd of venom completely misses you.
The +2 flail of protection completely misses you.
The +1 heavy scimitar completely misses you.
You shoot an arrow.
The arrow barely misses the +2 flail of protection.
The arrow hits the +4 halberd of freezing!!!
You destroy the +4 halberd of freezing!
The +4 halberd of freezing disappears in a puff of smoke!
You feel sick.
The +0 halberd of venom barely misses you.
The +2 flail of protection barely misses you.
You shoot an arrow.
The arrow barely misses the +2 flail of protection.
The arrow hits Zenata but does no damage.
You feel sick.
The +1 heavy scimitar barely misses you.
The +2 flail of protection completely misses you.
You shoot an arrow.
The arrow hits the +2 flail of protection!!
You destroy the +2 flail of protection!
The +2 flail of protection disappears in a puff of smoke!
The +0 halberd of venom completely misses you.
You shoot an arrow. The arrow misses the +1 heavy scimitar.
You feel sick.
The +0 halberd of venom completely misses you.
The +1 heavy scimitar hits you!!
Zenata sends weapons flying into battle!
30745 ||| READING scroll of teleportation.
As you read the scroll of teleportation, it crumbles to dust.
You feel strangely unstable.
You feel sick. The +0 halberd of venom misses you.
The +1 heavy scimitar hits you but does no damage.
The +0 halberd of venom completely misses you.
The +4 flail of protection completely misses you.
Zenata casts a spell at you.
A blast of power from the earth and the adjacent constructs strikes you!
You die...

..#...........#..#~~...~~##.'..##
..#...........#..#~~...~~##'##'#.
..#...........#..#########...#.'.
..#...........#......... #...###.
..#...........#......... ##### ##
..#...........#.¤....... ##.
..#...........#¤.(...... ##..
..#...........#.(((..... ##...
..#'###########.@¤a..... #....
....[...........).¤.¤... ##...
..................¤..... . ##..
........................ ... ##.
........................ .....##
........................ .......
........................ .......
........................ .......
###################### #######


You could see Zenata and 4 dancing weapons.

Vanquished Creatures
  A tentacled monstrosity (Swamp:4)
  Frances (Snake:2)
  A thorn hunter (Swamp:3)
  A tengu reaver (Vaults:1)
  Donald (Snake:2)
  5 vault wardens (Vaults:1)
  5 ironbound preservers
  An orc warlord (Orc:2)
  2 ghouls (Swamp:3)
  A war gargoyle (Vaults:1)
  A stone giant (D:15)
  3 eleionomae
  A dire elephant (Lair:4)
  8 bunyips
  2 green deaths (Swamp:4)
  Josephine (Swamp:1)
  2 shambling mangroves
  3 yaktaur captains (Vaults:1)
  A fire dragon (Lair:5)
  An ice dragon (D:12)
  3 great orbs of eyes (Vaults:1)
  A peacekeeper (Vaults:1)
  21 hydras
  A rakshasa (D:15)
  2 vault guards (D:14)
  4 anacondas
  13 centaur warriors
  3 ghost crabs
  6 ironbound frosthearts (Vaults:1)
  A catoblepas (Lair:1)
  2 two-headed ogres
  7 boulder beetles
  9 death yaks (Lair:5)
  9 alligators
  4 naga warriors
  Erica (D:11)
  2 tengu warriors (D:15)
  5 orc high priests (Orc:2)
  3 thrashing horrors (Swamp:4)
  Urug (Lair:5)
  2 shock serpents
  6 naga sharpshooters
  A skyshark (Lair:5)
  2 goliath frogs
  A skeletal warrior (D:12)
  2 salamander mystics
  8 spriggan druids
  4 swamp dragons
  9 deep trolls
  11 bog bodies
  2 sea snakes (Snake:3)
  A necromancer (D:14)
  2 ironbound convokers (Vaults:1)
  A naga ritualist (Snake:3)
  7 wizards
  3 deep elf pyromancers
  5 lindwurms
  5 orc sorcerers
  5 orc knights
  5 mana vipers
  7 salamanders
  A will-o-the-wisp (Swamp:1)
  15 ugly things
  5 cyclopes
  2 manticores
  38 elephants
  6 naga magi
  2 guardian serpents (Snake:2)
  A guardian serpent (shapeshifter) (D:14)
  17 black mambas
  10 cane toads
  3 vault sentinels (Vaults:1)
  5 torpor snails (Lair:5)
  2 orange demons (Swamp:4)
  2 kobold demonologists
  2 unseen horrors
  2 gargoyles
  7 rime drakes
  3 efreet
  9 komodo dragons
  9 yaktaurs (Vaults:1)
  A tengu conjurer (D:14)
  11 tyrant leeches
  A wolf spider simulacrum (D:15)
  A large abomination (Swamp:4)
  6 trolls
  22 hornets
  3 bloated husks
  6 polar bears
  A wind drake (shapeshifter) (D:14)
  Grinder (D:3)
  Prince Ribbit (D:9)
  5 dream sheep (Lair:5)
  14 blink frogs
  23 slime creatures
  A centaur simulacrum (D:14)
  45 yaks
  6 spriggans
  2 shadows (Swamp:4)
  5 wraiths
  19 humans (D:14)
  6 basilisks
  7 wyverns
  13 vampire mosquitoes
  3 steam dragons
  3 wargs (Orc:2)
  12 nagas
  19 swamp worms
  2 acid dragons
  23 water moccasins
  A sky beast (D:8)
  34 orc warriors
  4 swamp drakes
  2 black bears
  4 ice beasts
  2 ogres (Orc:1)
  11 boggarts
  14 wolves
  4 centaurs
  12 bullfrogs
  8 kobold brigands
  A necrophage (Swamp:3)
  3 gnoll sergeants
  3 scorpions
  3 wights (D:7)
  6 killer bees (D:9)
  10 howler monkeys
  4 sleepcaps
  14 orc priests
  A gnoll bouda (D:7)
  5 hounds
  3 jellies
  26 orc wizards
  11 iguanas
  9 adders
  19 gnolls
  A shadow imp (D:7)
  2 white imps (D:7)
  3 worms
  A dart slug (D:5)
  65 orcs
  9 endoplasms
  A giant cockroach (D:2)
  10 goblins
  2 hobgoblins (D:3)
  3 jackals (D:3)
  29 kobolds
  2 quokkas
  7 ball pythons
  2 bats
  4 frilled lizards
  4 rats
991 creatures vanquished.

Vanquished Creatures (others)
  A boulder beetle (D:14)
  An orange demon (Swamp:4)
  A spriggan (Swamp:4)
  A boggart (Vaults:1)
  An orc wizard (D:11)
  4 foxfires (Swamp:1)
9 creatures vanquished.

Grand Total: 1000 creatures vanquished

Notes
Turn   | Place    | Note
-------+----------+-------------------------------------------
     0 | D:1      | qw the Deep Elf Hunter began the quest for the Orb.
     0 | D:1      | Reached XP level 1. HP: 12/12 MP: 3/3
     0 | D:1      | 0 ||| qw: Version: 0.3-a-22-g0ed2b0b
     0 | D:1      | 0 ||| qw: Game counter: 5482
     0 | D:1      | 0 ||| qw: Melee chars always use a shield: true
     0 | D:1      | 0 ||| qw: God list: Okawaru
     0 | D:1      | 0 ||| qw: Allow faded altars: false
     0 | D:1      | 0 ||| qw: Do Orc after clearing Dungeon:15 true
     0 | D:1      | 0 ||| qw: Do second Lair branch before Depths: true
     0 | D:1      | 0 ||| qw: Lair rune preference: random
     0 | D:1      | 0 ||| qw: Goals: Normal
     0 | D:1      | 0 ||| PLANNING D:1-11
   112 | D:1      | Reached XP level 2. HP: 16/16 MP: 4/4
   129 | D:1      | Reached skill level 6 in Ranged Weapons
   426 | D:1      | 426 ||| READING scroll labelled WEG TUIWNINEP.
   427 | D:1      | 427 ||| READING 2 scrolls labelled KUBYIK WURIPPU.
   428 | D:1      | 428 ||| READING scroll labelled XITTITTISTIYMM.
   429 | D:1      | 429 ||| READING scroll labelled MUISYM BIPS.
   434 | D:1      | 434 ||| DRINKING 2 pink potions.
   435 | D:1      | 435 ||| DROPPING scroll of butterflies.
   436 | D:1      | 436 ||| DROPPING potion of attraction.
   977 | D:2      | Reached XP level 3. HP: 20/20 MP: 5/5
   978 | D:2      | Identified the +9 ring mail of Giuteh {rElec rN+ Will-
                  | Str+5}
  1351 | D:2      | 1351 ||| UPGRADING to +9 ring mail of Giuteh {rElec rN+
                  | Will- Str+5}.
  1361 | D:2      | 1361 ||| DROPPING +0 leather armour.
  1362 | D:2      | 1362 ||| READING scroll labelled WOTUM ZUNGUMEO.
  1363 | D:2      | 1363 ||| READING scroll labelled TEMNOS SUCIO.
  1364 | D:2      | 1364 ||| READING scroll labelled CUSIJU CUINEE.
  1365 | D:2      | 1365 ||| DRINKING 3 dark potions.
  1366 | D:2      | 1366 ||| READING 2 scrolls of identify.
  1366 | D:2      | 1366 ||| IDENTIFYING sapphire potion
  1492 | D:3      | Reached XP level 4. HP: 25/25 MP: 6/6
  1623 | D:3      | Noticed Grinder
  1639 | D:3      | HP: 6/25 [Grinder (4)]
  1643 | D:3      | Killed Grinder
  1644 | D:3      | Reached skill level 9 in Ranged Weapons
  1644 | D:3      | Reached XP level 5. HP: 7/29 MP: 7/7
  1644 | D:3      | Reached XP level 6. HP: 8/34 MP: 8/8
  1836 | D:3      | Found a radiant altar of Vehumet.
  2178 | D:3      | 2178 ||| UPGRADING to scarf of resistance.
  2183 | D:3      | 2183 ||| UPGRADING to ring of resist corrosion.
  2184 | D:3      | 2184 ||| READING scroll labelled ITTEEF QU NEL.
  2185 | D:3      | 2185 ||| READING 3 scrolls of identify.
  2185 | D:3      | 2185 ||| IDENTIFYING bubbling purple potion
  2186 | D:3      | 2186 ||| READING 2 scrolls of identify.
  2186 | D:3      | 2186 ||| IDENTIFYING cyan potion
  2187 | D:3      | 2187 ||| DROPPING potion of lignification.
  2188 | D:3      | 2188 ||| DROPPING potion of brilliance.
  2448 | D:4      | Reached skill level 3 in Dodging
  2549 | D:4      | Found Googiq's Armour Shop.
  2554 | D:4      | 2554 ||| BUYING +0 helmet (58 gold).
  2554 | D:4      | Bought a +0 helmet for 58 gold pieces
  2939 | D:4      | 2939 ||| UPGRADING to +0 helmet.
  2944 | D:4      | 2944 ||| UPGRADING to amulet of reflection.
  2949 | D:4      | 2949 ||| DROPPING amulet of magic regeneration.
  2950 | D:4      | 2950 ||| READING scroll labelled AMNITS ROPS.
  2951 | D:4      | 2951 ||| READING 2 scrolls labelled KIUCROC FYESYS.
  3005 | D:4      | 3005 ||| DROPPING scroll of torment.
  3016 | D:5      | Entered Level 5 of the Dungeon
  3021 | D:5      | 3021 ||| STAIRDANCE
  3066 | D:5      | Reached skill level 1 in Armour
  3170 | D:5      | Reached XP level 7. HP: 37/40 MP: 9/9
  3693 | D:5      | Found a staircase to the Ecumenical Temple.
  3694 | D:5      | 3694 ||| PLANNING TEMPLE
  3694 | D:5      | 3694 ||| UPGRADING to +0 pair of boots.
  3699 | D:5      | 3699 ||| DROPPING amulet of guardian spirit.
  3700 | D:5      | 3700 ||| DROPPING ring of flight.
  3701 | D:5      | 3701 ||| READING scroll labelled TOVOUNYXIT.
  3702 | D:5      | 3702 ||| READING 2 scrolls of identify.
  3702 | D:5      | 3702 ||| IDENTIFYING fuming amethyst potion
  3704 | D:5      | 3704 ||| Stepping ~*~*~tactically~*~*~ (cloud).
  3777 | Temple   | Entered the Ecumenical Temple
  3872 | Temple   | 3872 ||| PLANNING D:1-11
  4284 | D:6      | 4284 ||| Stepping ~*~*~tactically~*~*~ (outnumbered).
  4305 | D:6      | 4305 ||| DRINKING 3 potions of curing.
  4305 | D:6      | 4305 ||| (to cure confusion)
  4363 | D:6      | Reached skill level 12 in Ranged Weapons
  4363 | D:6      | Reached XP level 8. HP: 43/44 MP: 10/10
  4519 | D:6      | Reached skill level 3 in Fighting
  4573 | D:6      | 4573 ||| FLEEEEING.
  4574 | D:6      | 4574 ||| FLEEEEING.
  4597 | D:6      | 4597 ||| Stepping ~*~*~tactically~*~*~ (outnumbered).
  5079 | D:6      | 5079 ||| READING scroll labelled ZURUWK WOMN.
  5080 | D:6      | 5080 ||| READING scroll labelled BUWUISCH ZELOXE.
  5081 | D:6      | 5081 ||| READING scroll labelled CEUH IJ WOIHAI.
  5082 | D:6      | 5082 ||| READING scroll labelled POEFA FATALOGOI.
  5727 | D:7      | 5727 ||| READING scroll of enchant armour.
  5727 | D:7      | 5727 ||| ENCHANTING +0 helmet.
  5800 | D:7      | Reached XP level 9. HP: 46/52 MP: 11/11
  5800 | D:7      | 5800 ||| FLEEEEING.
  5844 | D:7      | Reached skill level 6 in Dodging
  6103 | D:7      | 6103 ||| UPGRADING to +6 ring of dexterity.
  6104 | D:7      | 6104 ||| UPGRADING to ring of willpower.
  6106 | D:7      | 6106 ||| READING 2 scrolls of identify.
  6106 | D:7      | 6106 ||| IDENTIFYING ruby potion
  6107 | D:7      | 6107 ||| DROPPING potion of berserk rage.
  6173 | D:8      | 6173 ||| READING scroll of enchant armour.
  6173 | D:8      | 6173 ||| ENCHANTING +1 helmet.
  6197 | D:8      | Found a burning altar of Makhleb.
  6197 | D:8      | Noticed a cacodemon
  6212 | D:8      | Found an iron altar of Okawaru.
  6213 | D:8      | 6213 ||| PLANNING OKAWARU WORSHIP
  6213 | D:8      | 6213 ||| UPGRADING to ring of see invisible.
  6223 | D:8      | Became a worshipper of Warmaster Okawaru
  6224 | D:8      | 6224 ||| PLANNING D:1-11
  6233 | D:8      | Noticed a two-headed ogre
  6241 | D:8      | Killed a two-headed ogre
  6292 | D:8      | Found a white marble altar of Elyvilon.
  6378 | D:8      | Reached skill level 9 in Dodging
  6400 | D:8      | 6400 ||| SWAPPING to +0 orcbow.
  6401 | D:8      | 6401 ||| DROPPING +1 shortbow of freezing.
  6414 | D:8      | 6414 ||| Stepping ~*~*~tactically~*~*~ (water).
  6423 | D:8      | Reached * piety under Okawaru
  6443 | D:8      | Reached skill level 1 in Invocations
  6449 | D:8      | 6449 ||| FLEEEEING.
  6525 | D:8      | Found a snail-covered altar of Cheibriados.
  6535 | D:8      | 6535 ||| READING scroll of enchant armour.
  6535 | D:8      | 6535 ||| ENCHANTING +0 pair of boots.
  6736 | D:8      | 6736 ||| DRINKING 3 metallic blue potions.
  6768 | D:9      | 6768 ||| Stepping ~*~*~tactically~*~*~ (outnumbered).
  6770 | D:9      | 6770 ||| Stepping ~*~*~tactically~*~*~ (outnumbered).
  6772 | D:9      | 6772 ||| Stepping ~*~*~tactically~*~*~ (outnumbered).
  6775 | D:9      | 6775 ||| Stepping ~*~*~tactically~*~*~ (outnumbered).
  6864 | D:9      | Reached ** piety under Okawaru
  6865 | D:9      | Reached skill level 3 in Invocations
  6865 | D:9      | Reached XP level 10. HP: 56/56 MP: 14/14
  7040 | D:9      | 7040 ||| INVOKING Heroism.
  7048 | D:9      | Reached skill level 15 in Ranged Weapons
  7068 | D:9      | 7068 ||| READING scroll of enchant armour.
  7068 | D:9      | 7068 ||| ENCHANTING +1 pair of boots.
  7211 | D:9      | Noticed Prince Ribbit
  7222 | D:9      | Killed Prince Ribbit
  7281 | D:9      | Reached *** piety under Okawaru
  7338 | D:9      | 7338 ||| INVOKING Heroism.
  7468 | D:9      | Found an opulent altar of Gozag.
  7468 | D:9      | Found a sparkling altar of Nemelex Xobeh.
  7639 | D:9      | 7639 ||| READING 2 scrolls of identify.
  7639 | D:9      | 7639 ||| IDENTIFYING bubbling black potion
  7691 | D:10     | Entered Level 10 of the Dungeon
  7692 | D:10     | 7692 ||| INVOKING Heroism.
  7694 | D:10     | Noticed a two-headed ogre
  7706 | D:10     | Killed a two-headed ogre
  7812 | D:10     | Noticed a cyclops
  7813 | D:10     | 7813 ||| INVOKING Heroism.
  7819 | D:10     | Killed a cyclops
  7995 | D:10     | Reached skill level 6 in Fighting
  8012 | D:10     | Noticed a sixfirhy
  8034 | D:10     | Found a staircase to the Orcish Mines.
  8048 | D:10     | Found a flagged portal.
  8082 | D:10     | Reached **** piety under Okawaru
  8358 | D:10     | Found a glowing golden altar of the Shining One.
  8420 | D:11     | 8420 ||| STAIRDANCE
  8426 | D:10     | Reached XP level 11. HP: 49/64 MP: 16/16
  8479 | D:11     | 8479 ||| STAIRDANCE
  8488 | D:10     | 8488 ||| INVOKING Heroism.
  8653 | D:11     | 8653 ||| Stepping ~*~*~tactically~*~*~ (outnumbered).
  8664 | D:11     | 8664 ||| INVOKING Heroism.
  8728 | D:11     | Noticed Erica
  8729 | D:11     | 8729 ||| INVOKING Heroism.
  8740 | D:11     | Killed Erica
  8877 | D:11     | Reached skill level 3 in Armour
  9016 | D:11     | Reached skill level 6 in Invocations
  9036 | D:11     | Found a staircase to the Lair.
  9037 | D:11     | 9037 ||| INVOKING Heroism.
  9103 | D:11     | Found a runed translucent gate.
  9104 | D:11     | Found a runed translucent gate.
  9104 | D:11     | Found a runed translucent gate.
  9105 | D:11     | Noticed ProzacElf's ghost (journeyman SpAE)
  9105 | D:11     | Noticed Motwaexy's ghost (journeyman OgHW)
  9108 | D:11     | Noticed Dusieq's ghost (journeyman DsCj)
  9109 | D:11     | Noticed Dusieq's ghost (journeyman DsCj)
  9121 | D:11     | Noticed a boulder beetle
  9122 | D:11     | 9122 ||| INVOKING Heroism.
  9137 | D:11     | Killed a boulder beetle
  9305 | D:11     | 9305 ||| READING scroll labelled GOLAPOE QOITS.
  9305 | D:11     | Identified a scroll of acquirement
  9305 | D:11     | 9305 ||| ACQUIRING scarf of the Lion {+Inv, Will- rCorr
                  | Dex+2}
  9305 | D:11     | Acquired the scarf of the Lion {+Inv, Will- rCorr Dex+2}
  9306 | D:11     | 9306 ||| PLANNING LAIR
  9307 | D:11     | 9307 ||| READING 2 scrolls of identify.
  9307 | D:11     | 9307 ||| IDENTIFYING bubbling cyan potion
  9344 | Lair:1   | Entered Level 1 of the Lair of Beasts
  9378 | Lair:1   | Reached ***** piety under Okawaru
  9389 | Lair:1   | 9389 ||| INVOKING Heroism.
  9547 | Lair:1   | 9547 ||| INVOKING Heroism.
  9619 | Lair:1   | Found the +8 trident of the Octopus King {venom, rElec
                  | rPois}
  9751 | Lair:1   | 9751 ||| INVOKING Heroism.
  9795 | Lair:1   | Identified the +1 scale mail "Zapedet" {rC- Regen+ Dex+6
                  | SInv}
  9800 | Lair:1   | Identified the +4 mace of Tegoluo {holy, *Slow Fly rN+
                  | Int+2}
  9940 | Lair:1   | 9940 ||| INVOKING Heroism.
  9953 | Lair:1   | Reached skill level 12 in Dodging
  9968 | Lair:1   | Reached skill level 9 in Invocations
  9968 | Lair:1   | Reached XP level 12. HP: 47/72 MP: 20/20
 10090 | Lair:1   | Noticed a catoblepas
 10091 | Lair:1   | 10091 ||| INVOKING Heroism.
 10092 | Lair:1   | 10092 ||| INVOKING Finesse.
 10110 | Lair:1   | 10110 ||| Stepping ~*~*~tactically~*~*~ (cloud).
 10114 | Lair:1   | Killed a catoblepas
 10115 | Lair:1   | 10115 ||| FLEEEEING.
 10116 | Lair:1   | 10116 ||| FLEEEEING.
 10117 | Lair:1   | 10117 ||| FLEEEEING.
 10120 | Lair:1   | 10120 ||| FLEEEEING.
 10121 | Lair:1   | 10121 ||| FLEEEEING.
 10139 | Lair:1   | HP: 13/72 [water moccasin (7)]
 10140 | Lair:1   | 10140 ||| READING 2 scrolls of teleportation.
 10141 | Lair:1   | 10141 ||| DRINKING 2 potions of heal wounds.
 10153 | Lair:1   | 10153 ||| INVOKING Heroism.
 10277 | Lair:1   | Received a gift from Okawaru
 10279 | Lair:1   | 10279 ||| SWAPPING to +1 longbow of freezing.
 10280 | Lair:1   | 10280 ||| DROPPING +0 orcbow.
 10614 | Lair:1   | 10614 ||| DROPPING ring of resist corrosion.
 10615 | Lair:1   | 10615 ||| DROPPING ring of willpower.
 10698 | Lair:2   | 10698 ||| INVOKING Heroism.
 10896 | Lair:2   | Found a staircase to the Snake Pit.
 11087 | Lair:2   | Noticed a four-headed hydra
 11088 | Lair:2   | 11088 ||| INVOKING Heroism.
 11094 | Lair:2   | Killed a four-headed hydra
 11118 | Lair:2   | Noticed a seven-headed hydra
 11124 | Lair:2   | Killed a seven-headed hydra
 11125 | Lair:2   | Reached skill level 18 in Ranged Weapons
 11131 | Lair:2   | Found a staircase to the Swamp.
 11278 | Lair:2   | 11278 ||| INVOKING Heroism.
 11299 | Lair:2   | Reached ****** piety under Okawaru
 11682 | Lair:3   | 11682 ||| INVOKING Heroism.
 11764 | Lair:3   | 11764 ||| INVOKING Heroism.
 11796 | Lair:3   | Reached XP level 13. HP: 66/77 MP: 22/22
 11885 | Lair:3   | 11885 ||| INVOKING Heroism.
 11886 | Lair:3   | 11886 ||| INVOKING Finesse.
 11897 | Lair:3   | Received a gift from Okawaru
 12237 | Lair:3   | 12237 ||| INVOKING Heroism.
 12331 | Lair:3   | 12331 ||| INVOKING Heroism.
 12605 | Lair:3   | 12605 ||| READING 2 scrolls of identify.
 12605 | Lair:3   | 12605 ||| IDENTIFYING fizzy clear potion
 12606 | Lair:3   | 12606 ||| DROPPING potion of degeneration.
 12662 | Lair:4   | 12662 ||| INVOKING Heroism.
 12726 | Lair:4   | 12726 ||| INVOKING Heroism.
 12799 | Lair:4   | 12799 ||| INVOKING Heroism.
 12871 | Lair:4   | Identified the +8 longbow "Qellyup" {flame, rF+ Dex+3 SInv}
                  | (Okawaru gifted it to you on level 4 of the Lair of Beasts)
 12871 | Lair:4   | Received a gift from Okawaru
 12876 | Lair:4   | 12876 ||| SWAPPING to +8 longbow "Qellyup" {flame, rF+
                  | Dex+3 SInv}.
 12877 | Lair:4   | 12877 ||| REMOVING ring of see invisible.
 12878 | Lair:4   | 12878 ||| DROPPING +1 longbow of freezing.
 12939 | Lair:4   | 12939 ||| DROPPING ring of see invisible.
 12948 | Lair:4   | Noticed a dire elephant
 12949 | Lair:4   | 12949 ||| INVOKING Heroism.
 12958 | Lair:4   | Killed a dire elephant
 12968 | Lair:4   | Reached skill level 9 in Fighting
 12975 | Lair:4   | 12975 ||| UPGRADING to +4 ring of protection.
 13105 | Lair:4   | 13105 ||| INVOKING Heroism.
 13212 | Lair:4   | Found a staircase to the Slime Pits.
 13264 | Lair:4   | 13264 ||| READING 2 scrolls of identify.
 13264 | Lair:4   | 13264 ||| IDENTIFYING orange potion
 13308 | Lair:5   | Entered Level 5 of the Lair of Beasts
 13309 | Lair:5   | 13309 ||| INVOKING Heroism.
 13310 | Lair:5   | 13310 ||| INVOKING Finesse.
 13324 | Lair:5   | Reached skill level 15 in Dodging
 13327 | Lair:5   | Reached XP level 14. HP: 86/86 MP: 16/23
 13441 | Lair:5   | 13441 ||| INVOKING Heroism.
 13520 | Lair:5   | 13520 ||| INVOKING Heroism.
 13521 | Lair:5   | 13521 ||| INVOKING Finesse.
 13524 | Lair:5   | Noticed Urug
 13532 | Lair:5   | Killed Urug
 13645 | Lair:5   | Identified the +4 scale mail "Girr" {Int+3} (Okawaru gifted
                  | it to you on level 5 of the Lair of Beasts)
 13645 | Lair:5   | Received a gift from Okawaru
 13740 | Lair:5   | 13740 ||| INVOKING Heroism.
 13802 | Lair:5   | 13802 ||| FLEEEEING.
 13803 | Lair:5   | 13803 ||| FLEEEEING.
 13880 | Lair:5   | 13880 ||| FLEEEEING.
 13881 | Lair:5   | 13881 ||| FLEEEEING.
 13882 | Lair:5   | 13882 ||| FLEEEEING.
 13883 | Lair:5   | 13883 ||| FLEEEEING.
 13890 | Lair:5   | 13890 ||| FLEEEEING.
 13894 | Lair:5   | 13894 ||| FLEEEEING.
 13895 | Lair:5   | 13895 ||| FLEEEEING.
 13957 | Lair:5   | Found a runed translucent door.
 13980 | Lair:5   | 13980 ||| INVOKING Heroism.
 14004 | Lair:5   | 14004 ||| INVOKING Heroism.
 14009 | Lair:5   | Paralysed by a hornet for 3 turns
 14014 | Lair:5   | HP: 17/87 [hornet (8)]
 14015 | Lair:5   | 14015 ||| READING 2 scrolls of teleportation.
 14016 | Lair:5   | 14016 ||| DRINKING 3 potions of heal wounds.
 14244 | Lair:5   | 14244 ||| INVOKING Heroism.
 14305 | Lair:5   | 14305 ||| INVOKING Heroism.
 14506 | Lair:5   | Identified the +0 robe of Mental Paralysis {Str+3}
 14543 | Lair:5   | 14543 ||| INVOKING Heroism.
 14544 | Lair:5   | 14544 ||| Stepping ~*~*~tactically~*~*~ (cloud).
 14546 | Lair:5   | 14546 ||| DRINKING 8 potions of curing.
 14546 | Lair:5   | 14546 ||| (to cure poison)
 14612 | Lair:5   | 14612 ||| INVOKING Heroism.
 14711 | Lair:5   | 14711 ||| INVOKING Heroism.
 14712 | Lair:5   | 14712 ||| Stepping ~*~*~tactically~*~*~ (water).
 14713 | Lair:5   | 14713 ||| INVOKING Finesse.
 14787 | Lair:5   | 14787 ||| Stepping ~*~*~tactically~*~*~ (cloud).
 14790 | Lair:5   | 14790 ||| DRINKING potion of resistance.
 14807 | Lair:5   | 14807 ||| Stepping ~*~*~tactically~*~*~ (water).
 14848 | Lair:5   | 14848 ||| INVOKING Heroism.
 15006 | Lair:5   | 15006 ||| PLANNING D
 15006 | Lair:5   | 15006 ||| READING scroll labelled FUBUSKUAZE.
 15157 | Lair:5   | 15157 ||| DRINKING 2 green potions.
 15550 | D:12     | 15550 ||| INVOKING Heroism.
 15551 | D:12     | 15551 ||| INVOKING Finesse.
 15924 | D:12     | Found a frozen archway.
 15938 | D:12     | 15938 ||| INVOKING Heroism.
 15939 | D:12     | 15939 ||| INVOKING Finesse.
 15952 | D:12     | Reached skill level 18 in Dodging
 16031 | D:12     | 16031 ||| INVOKING Heroism.
 16032 | D:12     | 16032 ||| INVOKING Finesse.
 16138 | D:12     | 16138 ||| INVOKING Heroism.
 16311 | D:12     | 16311 ||| DROPPING +2 hat.
 16583 | D:13     | 16583 ||| INVOKING Heroism.
 16621 | D:13     | Reached XP level 15. HP: 93/93 MP: 24/24
 16777 | D:13     | Found a portal to a secret trove of treasure.
 17486 | Abyss:2  | Cast into level 2 of the Abyss (a wizard)
 17495 | D:14     | Escaped the Abyss
 17516 | D:14     | Found a gate to the Vaults.
 17720 | D:14     | 17720 ||| INVOKING Heroism.
 17725 | D:14     | 17725 ||| INVOKING Finesse.
 17771 | D:14     | 17771 ||| INVOKING Heroism.
 18130 | D:14     | 18130 ||| INVOKING Heroism.
 18176 | D:14     | 18176 ||| INVOKING Heroism.
 18588 | D:15     | Entered Level 15 of the Dungeon
 18623 | D:15     | Found a shimmering blue altar of Sif Muna.
 18625 | D:15     | 18625 ||| INVOKING Heroism.
 18695 | D:15     | Found a staircase to the Depths.
 18696 | D:15     | 18696 ||| INVOKING Heroism.
 18720 | D:15     | Received a gift from Okawaru
 18800 | D:15     | 18800 ||| INVOKING Heroism.
 18801 | D:15     | 18801 ||| INVOKING Finesse.
 18806 | D:15     | Reached skill level 6 in Armour
 19205 | D:15     | Found a stormy altar of Qazlal.
 19446 | D:15     | 19446 ||| PLANNING ORC
 19590 | Orc:1    | Entered Level 1 of the Orcish Mines
 19649 | Orc:1    | 19649 ||| INVOKING Heroism.
 19895 | Orc:2    | Entered Level 2 of the Orcish Mines
 19906 | Orc:2    | 19906 ||| STAIRDANCE
 19908 | Orc:1    | 19908 ||| INVOKING Heroism.
 19993 | Orc:2    | 19993 ||| INVOKING Heroism.
 20148 | Orc:1    | 20148 ||| INVOKING Heroism.
 20372 | Orc:2    | 20372 ||| INVOKING Heroism.
 20417 | Orc:2    | Found Nitrigg's Antique Weapon Shoppe.
 20430 | Orc:2    | Found a staircase to the Elven Halls.
 20449 | Orc:2    | 20449 ||| INVOKING Heroism.
 20454 | Orc:2    | Reached skill level 12 in Fighting
 20479 | Orc:2    | Found Yssim's Antique Armour Shoppe.
 20491 | Orc:2    | 20491 ||| INVOKING Heroism.
 20495 | Orc:2    | 20495 ||| INVOKING Finesse.
 20496 | Orc:2    | 20496 ||| INVOKING Finesse.
 20519 | Orc:2    | Reached XP level 16. HP: 86/101 MP: 19/25
 20573 | Orc:2    | Found Kafum's General Store.
 20593 | Orc:2    | 20593 ||| BUYING potion of mutation (136 gold).
 20593 | Orc:2    | Bought a potion of mutation for 136 gold pieces
 20612 | Orc:2    | 20612 ||| BUYING crude cloak (190 gold).
 20612 | Orc:2    | Bought a crude cloak for 190 gold pieces
 20612 | Orc:2    | Identified the +0 cloak of Proximity {Str+3} (You bought it
                  | in a shop on level 2 of the Orcish Mines)
 20690 | Orc:2    | Found Pukapahi's Antique Weapon Boutique.
 20713 | Orc:2    | Found Jodael's Book Emporium.
 20902 | Orc:2    | 20902 ||| PLANNING SWAMP:1-3
 20902 | Orc:2    | 20902 ||| DROPPING +0 cloak.
 21110 | Swamp:1  | Entered Level 1 of the Swamp
 21119 | Swamp:1  | 21119 ||| STAIRDANCE
 21207 | Swamp:1  | 21207 ||| INVOKING Heroism.
 21346 | Swamp:1  | 21346 ||| DRINKING potion of resistance.
 21376 | Swamp:1  | 21376 ||| INVOKING Heroism.
 21377 | Swamp:1  | 21377 ||| Stepping ~*~*~tactically~*~*~ (water).
 21380 | Swamp:1  | Reached skill level 21 in Dodging
 21390 | Swamp:1  | 21390 ||| Stepping ~*~*~tactically~*~*~ (water).
 21419 | Swamp:1  | 21419 ||| INVOKING Heroism.
 21420 | Swamp:1  | 21420 ||| Stepping ~*~*~tactically~*~*~ (water).
 21430 | Swamp:1  | 21430 ||| Stepping ~*~*~tactically~*~*~ (water).
 21432 | Swamp:1  | 21432 ||| Stepping ~*~*~tactically~*~*~ (water).
 21434 | Swamp:1  | 21434 ||| Stepping ~*~*~tactically~*~*~ (water).
 21436 | Swamp:1  | 21436 ||| Stepping ~*~*~tactically~*~*~ (water).
 21438 | Swamp:1  | 21438 ||| Stepping ~*~*~tactically~*~*~ (water).
 21440 | Swamp:1  | 21440 ||| Stepping ~*~*~tactically~*~*~ (water).
 21442 | Swamp:1  | 21442 ||| Stepping ~*~*~tactically~*~*~ (water).
 21444 | Swamp:1  | 21444 ||| Stepping ~*~*~tactically~*~*~ (water).
 21446 | Swamp:1  | 21446 ||| Stepping ~*~*~tactically~*~*~ (water).
 21448 | Swamp:1  | 21448 ||| Stepping ~*~*~tactically~*~*~ (water).
 21450 | Swamp:1  | 21450 ||| Stepping ~*~*~tactically~*~*~ (water).
 21452 | Swamp:1  | 21452 ||| Stepping ~*~*~tactically~*~*~ (water).
 21454 | Swamp:1  | 21454 ||| Stepping ~*~*~tactically~*~*~ (water).
 21456 | Swamp:1  | 21456 ||| INVOKING Heroism.
 21457 | Swamp:1  | 21457 ||| Stepping ~*~*~tactically~*~*~ (water).
 21467 | Swamp:1  | 21467 ||| Stepping ~*~*~tactically~*~*~ (water).
 21469 | Swamp:1  | 21469 ||| Stepping ~*~*~tactically~*~*~ (water).
 21471 | Swamp:1  | 21471 ||| Stepping ~*~*~tactically~*~*~ (water).
 21473 | Swamp:1  | 21473 ||| Stepping ~*~*~tactically~*~*~ (water).
 21475 | Swamp:1  | 21475 ||| Stepping ~*~*~tactically~*~*~ (water).
 21505 | Swamp:1  | 21505 ||| INVOKING Heroism.
 21506 | Swamp:1  | 21506 ||| Stepping ~*~*~tactically~*~*~ (water).
 21516 | Swamp:1  | 21516 ||| Stepping ~*~*~tactically~*~*~ (water).
 21518 | Swamp:1  | 21518 ||| Stepping ~*~*~tactically~*~*~ (water).
 21520 | Swamp:1  | 21520 ||| Stepping ~*~*~tactically~*~*~ (water).
 21522 | Swamp:1  | 21522 ||| Stepping ~*~*~tactically~*~*~ (water).
 21524 | Swamp:1  | 21524 ||| Stepping ~*~*~tactically~*~*~ (water).
 21526 | Swamp:1  | 21526 ||| Stepping ~*~*~tactically~*~*~ (water).
 21528 | Swamp:1  | 21528 ||| Stepping ~*~*~tactically~*~*~ (water).
 21536 | Swamp:1  | 21536 ||| Stepping ~*~*~tactically~*~*~ (water).
 21538 | Swamp:1  | 21538 ||| Stepping ~*~*~tactically~*~*~ (water).
 21540 | Swamp:1  | 21540 ||| Stepping ~*~*~tactically~*~*~ (water).
 21567 | Swamp:1  | 21567 ||| INVOKING Heroism.
 21568 | Swamp:1  | 21568 ||| Stepping ~*~*~tactically~*~*~ (water).
 21577 | Swamp:1  | 21577 ||| Stepping ~*~*~tactically~*~*~ (water).
 21579 | Swamp:1  | 21579 ||| Stepping ~*~*~tactically~*~*~ (water).
 21581 | Swamp:1  | 21581 ||| Stepping ~*~*~tactically~*~*~ (water).
 21583 | Swamp:1  | 21583 ||| Stepping ~*~*~tactically~*~*~ (water).
 21585 | Swamp:1  | 21585 ||| Stepping ~*~*~tactically~*~*~ (water).
 21587 | Swamp:1  | 21587 ||| Stepping ~*~*~tactically~*~*~ (water).
 21589 | Swamp:1  | 21589 ||| Stepping ~*~*~tactically~*~*~ (water).
 21591 | Swamp:1  | 21591 ||| Stepping ~*~*~tactically~*~*~ (water).
 21604 | Swamp:1  | 21604 ||| Stepping ~*~*~tactically~*~*~ (water).
 21620 | Swamp:1  | 21620 ||| INVOKING Heroism.
 21621 | Swamp:1  | 21621 ||| Stepping ~*~*~tactically~*~*~ (water).
 21631 | Swamp:1  | 21631 ||| Stepping ~*~*~tactically~*~*~ (water).
 21633 | Swamp:1  | 21633 ||| Stepping ~*~*~tactically~*~*~ (water).
 21635 | Swamp:1  | 21635 ||| Stepping ~*~*~tactically~*~*~ (water).
 21637 | Swamp:1  | 21637 ||| Stepping ~*~*~tactically~*~*~ (water).
 21654 | Swamp:1  | 21654 ||| Stepping ~*~*~tactically~*~*~ (water).
 21656 | Swamp:1  | 21656 ||| Stepping ~*~*~tactically~*~*~ (water).
 21658 | Swamp:1  | 21658 ||| Stepping ~*~*~tactically~*~*~ (water).
 21660 | Swamp:1  | 21660 ||| INVOKING Heroism.
 21661 | Swamp:1  | 21661 ||| Stepping ~*~*~tactically~*~*~ (water).
 21671 | Swamp:1  | 21671 ||| Stepping ~*~*~tactically~*~*~ (water).
 21673 | Swamp:1  | 21673 ||| Stepping ~*~*~tactically~*~*~ (water).
 21675 | Swamp:1  | 21675 ||| Stepping ~*~*~tactically~*~*~ (water).
 21737 | Swamp:1  | 21737 ||| INVOKING Heroism.
 21738 | Swamp:1  | 21738 ||| Stepping ~*~*~tactically~*~*~ (water).
 21810 | Swamp:1  | 21810 ||| Stepping ~*~*~tactically~*~*~ (water).
 21834 | Swamp:1  | 21834 ||| INVOKING Heroism.
 21858 | Swamp:1  | 21858 ||| Stepping ~*~*~tactically~*~*~ (cloud).
 21928 | Swamp:1  | Noticed Josephine
 21936 | Swamp:1  | Killed Josephine
 22067 | Swamp:1  | 22067 ||| Stepping ~*~*~tactically~*~*~ (water).
 22334 | Swamp:2  | 22334 ||| INVOKING Heroism.
 22363 | Swamp:2  | 22363 ||| INVOKING Heroism.
 22509 | Swamp:2  | 22509 ||| INVOKING Heroism.
 22922 | Swamp:2  | 22922 ||| INVOKING Heroism.
 23134 | Swamp:3  | 23134 ||| INVOKING Heroism.
 23135 | Swamp:3  | 23135 ||| Stepping ~*~*~tactically~*~*~ (water).
 23179 | Swamp:3  | 23179 ||| Stepping ~*~*~tactically~*~*~ (water).
 23194 | Swamp:3  | 23194 ||| INVOKING Heroism.
 23303 | Swamp:3  | 23303 ||| Stepping ~*~*~tactically~*~*~ (water).
 23433 | Swamp:3  | 23433 ||| Stepping ~*~*~tactically~*~*~ (water).
 23475 | Swamp:3  | 23475 ||| INVOKING Heroism.
 23563 | Swamp:3  | 23563 ||| INVOKING Heroism.
 23564 | Swamp:3  | Noticed a thorn hunter
 23565 | Swamp:3  | 23565 ||| Stepping ~*~*~tactically~*~*~ (outnumbered).
 23573 | Swamp:3  | Killed a thorn hunter
 23909 | Swamp:3  | 23909 ||| PLANNING SNAKE:1-3
 23909 | Swamp:3  | 23909 ||| DROPPING ring of wizardry.
 24020 | Snake:1  | Entered Level 1 of the Snake Pit
 24088 | Snake:1  | 24088 ||| INVOKING Heroism.
 24184 | Snake:1  | 24184 ||| INVOKING Heroism.
 24431 | Snake:1  | 24431 ||| INVOKING Heroism.
 24937 | Snake:1  | Reached XP level 17. HP: 110/110 MP: 26/26
 24960 | Snake:1  | 24960 ||| DROPPING +0 cloak of Proximity {Str+3}.
 24979 | Snake:2  | Noticed Frances
 24980 | Snake:2  | 24980 ||| INVOKING Heroism.
 24981 | Snake:2  | 24981 ||| INVOKING Finesse.
 24988 | Snake:2  | Killed Frances
 25021 | Snake:2  | 25021 ||| INVOKING Heroism.
 25312 | Snake:2  | Noticed Donald
 25313 | Snake:2  | 25313 ||| INVOKING Heroism.
 25319 | Snake:2  | Killed Donald
 25364 | Snake:2  | Received a gift from Okawaru
 25383 | Snake:2  | Found Baogiykk's Neck Hole.
 25390 | Snake:2  | 25390 ||| BUYING amulet of faith (480 gold).
 25390 | Snake:2  | Bought an amulet of faith for 480 gold pieces
 25882 | Snake:2  | 25882 ||| UPGRADING to +2 pair of gloves.
 25887 | Snake:2  | 25887 ||| UPGRADING to amulet of faith.
 25928 | Snake:3  | 25928 ||| INVOKING Heroism.
 26000 | Snake:3  | Found Lutsufif's General Store.
 26009 | Snake:3  | 26009 ||| BUYING potion of magic (128 gold).
 26009 | Snake:3  | Bought a potion of magic for 128 gold pieces
 26128 | Snake:3  | 26128 ||| FLEEEEING.
 26129 | Snake:3  | 26129 ||| FLEEEEING.
 26130 | Snake:3  | 26130 ||| FLEEEEING.
 26131 | Snake:3  | 26131 ||| FLEEEEING.
 26132 | Snake:3  | 26132 ||| FLEEEEING.
 26133 | Snake:3  | 26133 ||| FLEEEEING.
 26134 | Snake:3  | 26134 ||| FLEEEEING.
 26135 | Snake:3  | 26135 ||| FLEEEEING.
 26136 | Snake:3  | 26136 ||| FLEEEEING.
 26137 | Snake:3  | 26137 ||| FLEEEEING.
 26138 | Snake:3  | 26138 ||| FLEEEEING.
 26140 | Snake:3  | 26140 ||| FLEEEEING.
 26142 | Snake:3  | 26142 ||| FLEEEEING.
 26143 | Snake:3  | 26143 ||| FLEEEEING.
 26144 | Snake:3  | 26144 ||| FLEEEEING.
 26145 | Snake:3  | 26145 ||| FLEEEEING.
 26146 | Snake:3  | 26146 ||| FLEEEEING.
 26796 | Snake:3  | 26796 ||| PLANNING SWAMP:4
 27002 | Swamp:4  | Entered Level 4 of the Swamp
 27010 | Swamp:4  | Reached skill level 9 in Armour
 27011 | Swamp:4  | 27011 ||| STAIRDANCE
 27018 | Swamp:3  | 27018 ||| INVOKING Heroism.
 27147 | Swamp:4  | 27147 ||| Stepping ~*~*~tactically~*~*~ (water).
 27149 | Swamp:4  | 27149 ||| Stepping ~*~*~tactically~*~*~ (water).
 27151 | Swamp:4  | 27151 ||| Stepping ~*~*~tactically~*~*~ (water).
 27153 | Swamp:4  | 27153 ||| Stepping ~*~*~tactically~*~*~ (water).
 27217 | Swamp:4  | 27217 ||| Stepping ~*~*~tactically~*~*~ (water).
 27257 | Swamp:4  | 27257 ||| INVOKING Heroism.
 27459 | Swamp:4  | 27459 ||| Stepping ~*~*~tactically~*~*~ (water).
 27478 | Swamp:4  | 27478 ||| READING scroll of teleportation.
 27479 | Swamp:4  | 27479 ||| INVOKING Heroism.
 27482 | Swamp:4  | 27482 ||| Stepping ~*~*~tactically~*~*~ (water).
 27486 | Swamp:4  | Received a gift from Okawaru
 27499 | Swamp:4  | Reached skill level 21 in Ranged Weapons
 27531 | Swamp:4  | Noticed a tentacled monstrosity
 27532 | Swamp:4  | 27532 ||| INVOKING Heroism.
 27533 | Swamp:4  | 27533 ||| INVOKING Finesse.
 27538 | Swamp:4  | Received a gift from Okawaru
 27550 | Swamp:4  | HP: 14/112 [alligator (15)]
 27551 | Swamp:4  | 27551 ||| DRINKING 7 potions of heal wounds.
 27552 | Swamp:4  | Killed a tentacled monstrosity
 27559 | Swamp:4  | HP: 24/112 [eight-headed hydra (8)]
 27560 | Swamp:4  | 27560 ||| DRINKING 6 potions of heal wounds.
 27568 | Swamp:4  | 27568 ||| Stepping ~*~*~tactically~*~*~ (cloud).
 27577 | Swamp:4  | HP: 28/112 [poisoned by an orange demon]
 27578 | Swamp:4  | 27578 ||| DRINKING 5 potions of heal wounds.
 27579 | Swamp:4  | 27579 ||| Stepping ~*~*~tactically~*~*~ (water).
 27587 | Swamp:4  | HP: 28/112 [poisoned by an orange demon]
 27588 | Swamp:4  | 27588 ||| DRINKING 4 potions of heal wounds.
 27589 | Swamp:4  | 27589 ||| Stepping ~*~*~tactically~*~*~ (cloud).
 27599 | Swamp:4  | 27599 ||| Stepping ~*~*~tactically~*~*~ (water).
 27604 | Swamp:4  | 27604 ||| INVOKING Heroism.
 28180 | Swamp:4  | Got a decaying rune of Zot
 28216 | Swamp:4  | 28216 ||| PLANNING VAULTS:1-4
 28216 | Swamp:4  | 28216 ||| DROPPING +1 pair of gloves.
 28491 | Vaults:1 | Entered Level 1 of the Vaults
 28556 | Vaults:1 | 28556 ||| INVOKING Heroism.
 28557 | Vaults:1 | 28557 ||| INVOKING Finesse.
 28652 | Vaults:1 | Reached skill level 15 in Fighting
 28657 | Vaults:1 | 28657 ||| INVOKING Heroism.
 28670 | Vaults:1 | HP: 27/113 [poisoned by a tengu reaver (bolt of poison)]
 28671 | Vaults:1 | 28671 ||| DRINKING 3 potions of heal wounds.
 28675 | Vaults:1 | HP: 27/113 [poisoned by a tengu reaver (bolt of poison)]
 28676 | Vaults:1 | 28676 ||| DRINKING 2 potions of heal wounds.
 28957 | Vaults:1 | 28957 ||| Stepping ~*~*~tactically~*~*~ (outnumbered).
 28958 | Vaults:1 | 28958 ||| Stepping ~*~*~tactically~*~*~ (outnumbered).
 28972 | Vaults:1 | 28972 ||| INVOKING Heroism.
 28974 | Vaults:1 | Reached XP level 18. HP: 79/119 MP: 24/27
 28984 | Vaults:1 | Paralysed by a great orb of eyes for 3 turns
 29313 | Vaults:1 | 29313 ||| FLEEEEING.
 29314 | Vaults:1 | 29314 ||| FLEEEEING.
 29315 | Vaults:1 | 29315 ||| FLEEEEING.
 29319 | Vaults:1 | 29319 ||| FLEEEEING.
 29322 | Vaults:1 | 29322 ||| FLEEEEING.
 29323 | Vaults:1 | 29323 ||| FLEEEEING.
 29324 | Vaults:1 | 29324 ||| FLEEEEING.
 29325 | Vaults:1 | 29325 ||| FLEEEEING.
 29326 | Vaults:1 | 29326 ||| FLEEEEING.
 29327 | Vaults:1 | 29327 ||| FLEEEEING.
 29328 | Vaults:1 | 29328 ||| FLEEEEING.
 29329 | Vaults:1 | 29329 ||| FLEEEEING.
 29330 | Vaults:1 | 29330 ||| FLEEEEING.
 29331 | Vaults:1 | 29331 ||| FLEEEEING.
 29332 | Vaults:1 | 29332 ||| FLEEEEING.
 29333 | Vaults:1 | 29333 ||| FLEEEEING.
 29334 | Vaults:1 | 29334 ||| FLEEEEING.
 29335 | Vaults:1 | 29335 ||| FLEEEEING.
 29336 | Vaults:1 | 29336 ||| FLEEEEING.
 29337 | Vaults:1 | 29337 ||| FLEEEEING.
 29338 | Vaults:1 | 29338 ||| FLEEEEING.
 29339 | Vaults:1 | 29339 ||| FLEEEEING.
 29340 | Vaults:1 | 29340 ||| FLEEEEING.
 29341 | Vaults:1 | 29341 ||| FLEEEEING.
 29347 | Vaults:1 | 29347 ||| FLEEEEING.
 29348 | Vaults:1 | 29348 ||| FLEEEEING.
 29349 | Vaults:1 | 29349 ||| FLEEEEING.
 29350 | Vaults:1 | 29350 ||| FLEEEEING.
 29351 | Vaults:1 | 29351 ||| FLEEEEING.
 29352 | Vaults:1 | 29352 ||| FLEEEEING.
 29353 | Vaults:1 | 29353 ||| FLEEEEING.
 29354 | Vaults:1 | 29354 ||| FLEEEEING.
 29355 | Vaults:1 | 29355 ||| FLEEEEING.
 29356 | Vaults:1 | 29356 ||| FLEEEEING.
 29357 | Vaults:1 | 29357 ||| FLEEEEING.
 29358 | Vaults:1 | 29358 ||| FLEEEEING.
 29359 | Vaults:1 | 29359 ||| FLEEEEING.
 29360 | Vaults:1 | 29360 ||| FLEEEEING.
 29361 | Vaults:1 | 29361 ||| FLEEEEING.
 29362 | Vaults:1 | 29362 ||| FLEEEEING.
 29363 | Vaults:1 | 29363 ||| FLEEEEING.
 29364 | Vaults:1 | 29364 ||| FLEEEEING.
 29365 | Vaults:1 | 29365 ||| FLEEEEING.
 29375 | Vaults:1 | 29375 ||| FLEEEEING.
 29376 | Vaults:1 | 29376 ||| FLEEEEING.
 29377 | Vaults:1 | 29377 ||| STAIRDANCE
 29482 | Vaults:1 | 29482 ||| STAIRDANCE
 29604 | Vaults:1 | 29604 ||| STAIRDANCE
 29611 | D:14     | 29611 ||| INVOKING Heroism.
 29731 | Vaults:1 | 29731 ||| STAIRDANCE
 29734 | D:14     | 29734 ||| INVOKING Heroism.
 30061 | Vaults:1 | 30061 ||| Stepping ~*~*~tactically~*~*~ (outnumbered).
 30063 | Vaults:1 | 30063 ||| Stepping ~*~*~tactically~*~*~ (outnumbered).
 30065 | Vaults:1 | 30065 ||| Stepping ~*~*~tactically~*~*~ (outnumbered).
 30067 | Vaults:1 | 30067 ||| Stepping ~*~*~tactically~*~*~ (outnumbered).
 30068 | Vaults:1 | 30068 ||| Stepping ~*~*~tactically~*~*~ (outnumbered).
 30076 | Vaults:1 | 30076 ||| Stepping ~*~*~tactically~*~*~ (outnumbered).
 30081 | Vaults:1 | 30081 ||| Stepping ~*~*~tactically~*~*~ (outnumbered).
 30167 | Vaults:1 | 30167 ||| Stepping ~*~*~tactically~*~*~ (outnumbered).
 30199 | Vaults:1 | Received a gift from Okawaru
 30298 | Vaults:1 | 30298 ||| INVOKING Heroism.
 30302 | Vaults:1 | 30302 ||| FLEEEEING.
 30303 | Vaults:1 | 30303 ||| FLEEEEING.
 30308 | Vaults:1 | 30308 ||| FLEEEEING.
 30309 | Vaults:1 | 30309 ||| FLEEEEING.
 30310 | Vaults:1 | 30310 ||| FLEEEEING.
 30311 | Vaults:1 | 30311 ||| FLEEEEING.
 30312 | Vaults:1 | 30312 ||| FLEEEEING.
 30313 | Vaults:1 | 30313 ||| FLEEEEING.
 30314 | Vaults:1 | 30314 ||| FLEEEEING.
 30315 | Vaults:1 | 30315 ||| FLEEEEING.
 30316 | Vaults:1 | 30316 ||| FLEEEEING.
 30322 | Vaults:1 | 30322 ||| FLEEEEING.
 30323 | Vaults:1 | 30323 ||| FLEEEEING.
 30324 | Vaults:1 | 30324 ||| FLEEEEING.
 30325 | Vaults:1 | 30325 ||| FLEEEEING.
 30326 | Vaults:1 | 30326 ||| FLEEEEING.
 30327 | Vaults:1 | 30327 ||| FLEEEEING.
 30328 | Vaults:1 | 30328 ||| FLEEEEING.
 30329 | Vaults:1 | 30329 ||| FLEEEEING.
 30330 | Vaults:1 | 30330 ||| FLEEEEING.
 30331 | Vaults:1 | 30331 ||| FLEEEEING.
 30332 | Vaults:1 | 30332 ||| FLEEEEING.
 30333 | Vaults:1 | 30333 ||| FLEEEEING.
 30334 | Vaults:1 | 30334 ||| FLEEEEING.
 30335 | Vaults:1 | 30335 ||| FLEEEEING.
 30336 | Vaults:1 | 30336 ||| FLEEEEING.
 30337 | Vaults:1 | 30337 ||| FLEEEEING.
 30338 | Vaults:1 | 30338 ||| FLEEEEING.
 30339 | Vaults:1 | 30339 ||| FLEEEEING.
 30340 | Vaults:1 | 30340 ||| FLEEEEING.
 30341 | Vaults:1 | 30341 ||| FLEEEEING.
 30342 | Vaults:1 | 30342 ||| FLEEEEING.
 30343 | Vaults:1 | 30343 ||| FLEEEEING.
 30344 | Vaults:1 | 30344 ||| FLEEEEING.
 30345 | Vaults:1 | 30345 ||| FLEEEEING.
 30346 | Vaults:1 | 30346 ||| FLEEEEING.
 30347 | Vaults:1 | 30347 ||| FLEEEEING.
 30348 | Vaults:1 | 30348 ||| FLEEEEING.
 30349 | Vaults:1 | 30349 ||| FLEEEEING.
 30350 | Vaults:1 | 30350 ||| FLEEEEING.
 30351 | Vaults:1 | 30351 ||| FLEEEEING.
 30352 | Vaults:1 | 30352 ||| FLEEEEING.
 30353 | Vaults:1 | 30353 ||| FLEEEEING.
 30354 | Vaults:1 | 30354 ||| FLEEEEING.
 30355 | Vaults:1 | 30355 ||| FLEEEEING.
 30356 | Vaults:1 | 30356 ||| FLEEEEING.
 30357 | Vaults:1 | 30357 ||| FLEEEEING.
 30358 | Vaults:1 | 30358 ||| FLEEEEING.
 30359 | Vaults:1 | 30359 ||| FLEEEEING.
 30360 | Vaults:1 | 30360 ||| FLEEEEING.
 30361 | Vaults:1 | 30361 ||| FLEEEEING.
 30362 | Vaults:1 | 30362 ||| FLEEEEING.
 30363 | Vaults:1 | 30363 ||| FLEEEEING.
 30364 | Vaults:1 | 30364 ||| FLEEEEING.
 30365 | Vaults:1 | 30365 ||| FLEEEEING.
 30366 | Vaults:1 | 30366 ||| FLEEEEING.
 30367 | Vaults:1 | 30367 ||| FLEEEEING.
 30368 | Vaults:1 | 30368 ||| FLEEEEING.
 30369 | Vaults:1 | 30369 ||| FLEEEEING.
 30370 | Vaults:1 | 30370 ||| FLEEEEING.
 30371 | Vaults:1 | 30371 ||| FLEEEEING.
 30372 | Vaults:1 | 30372 ||| FLEEEEING.
 30373 | Vaults:1 | 30373 ||| FLEEEEING.
 30374 | Vaults:1 | 30374 ||| FLEEEEING.
 30375 | Vaults:1 | 30375 ||| FLEEEEING.
 30376 | Vaults:1 | 30376 ||| INVOKING Heroism.
 30543 | Vaults:1 | Identified the +5 battleaxe "Caehahog" {drain, rN+ rCorr
                  | Stlth-}
 30681 | Vaults:1 | 30681 ||| FLEEEEING.
 30682 | Vaults:1 | 30682 ||| FLEEEEING.
 30683 | Vaults:1 | 30683 ||| FLEEEEING.
 30684 | Vaults:1 | 30684 ||| Stepping ~*~*~tactically~*~*~ (outnumbered).
 30725 | Vaults:1 | Noticed Zenata
 30726 | Vaults:1 | 30726 ||| INVOKING Heroism.
 30727 | Vaults:1 | 30727 ||| INVOKING Finesse.
 30744 | Vaults:1 | HP: 19/120 [+1 heavy scimitar[Zenata] (20)]
 30745 | Vaults:1 | 30745 ||| READING scroll of teleportation.
 30745 | Vaults:1 | Killed from afar by Zenata

Levels and vault maps discovered:
D:1:      onia_arrival_mini_spirals, layout_basic, minmay_misc_feat_alley
D:2:      layout_loops_corners, kennysheep_generic_room_15
D:3:      layout_basic, nicolae_vehumet_altar_sigil, minmay_misc_feat_enclosed,
          grunt_ministairs_14, uniq_grinder
D:4:      layout_basic, serial_shops, nicolae_shop_hallway_plus
D:5:      layout_cave_pods, minmay_temple_entry_wispy, bh_walls_and_bars
D:6:      layout_loops_ring
D:7:      layout_loops_corners
D:8:      layout_rooms, cheibriados_altar_1, makhleb_altar_promises_db,
          mainiacjoe_overflow_catch_the_wave
D:9:      layout_grid_maze, grunt_temple_overflow_opulence, uniq_prince_ribbit1
D:10:     layout_irregular_city, tso_altar, orc_0_dummy, enter_bailey_5
D:11:     layout_roguey, grunt_lair_entry_orc_guard_hut,
          gammafunk_ghost_cemetery, uniq_erica
D:12:     layout_layer_cave, portal_ice_cave_entry_animals_and_master,
          minmay_quadrilaterals
D:13:     layout_loops_corners, enter_trove_2
D:14:     kennysheep_windowed_halls, layout_basic, grunt_vaults_entry_tiered
D:15:     grunt_enter_depths_snipers, layout_basic,
          hangedman_abyss_or_decor_clamps, hangedman_feature_mirror
Temple:   jpeg_temple_clearing
Lair:1:   layout_regular_city, lemuel_fruit_fields, grunt_megastairs_4
Lair:2:   layout_roguey, palyth_hydra_swamp_entry,
          minmay_snake_entry_six_corridors, infiniplex_staircase_pool
Lair:3:   layout_cave_pods
Lair:4:   mu_elephants_graveyard, layout_misc_corridors,
          dpeg_slime_entry_enclosed, infiniplex_staircase_pool_2
Lair:5:   guppyfry_lair_end_dragon, layout_gridlike, wormcave,
          lemuel_another_geyser, uniq_urug
Swamp:1:  layout_falls_marsh, nicolae_swamp_triple_paths, swamp_pool3,
          hangedman_swamp_grove, uniq_josephine
Swamp:2:  layout_basic_swamp, serial_swamp_ruin, evilmike_swamp_ruin_rubble_1,
          hangedman_swamp_ruin_wall, evilmike_swamp_ruin_house_2, swamp_pool2,
          nicolae_swamp_frolicking_bunyips
Swamp:3:  layout_basic_swamp, hangedman_swamp_ruin_hall
Swamp:4:  swamp_vile, layout_basic_swamp
Snake:1:  layout_gridlike, grunt_ministairs_5, nicolae_triple_integral
Snake:2:  layout_basic, nicolae_shop_sticking_my_neck_out, uniq_donald,
          uniq_frances
Snake:3:  layout_cave_town, serial_shops, shop, serial_bayou_shore_a
Orc:1:    layout_caves
Orc:2:    grunt_orc_gardens, layout_diamond_mine, grunt_orc_garden,
          grunt_orc_garden, grunt_orc_garden, grunt_orc_garden, basic_altar,
          serial_shops, nicolae_shop_tiny_statue_garden
Vaults:1: nicolae_vaults_offset_grid_hallway_4, nicolae_vaults_little_squares_3,
          vaults_mumra_minichess_inversion, nicolae_vaults_border_crossing,
          ontoclasm_vaults_ring_small, hangedman_vaults_locks,
          vaults_room_fancy_cross, nicolae_vaults_house_2, v_pattern_5,
          st_smaller_cells, nicolae_vaults_theta,
          ontoclasm_vaults_loading_screen, vaults_room_pools,
          layout_vaults_omnigrid, serial_shops, shop, uniq_zenata

Skill      XL: |  1  2  3  4  5  6  7  8  9 10 11 12 13 14 15 16 17 18 |
---------------+-------------------------------------------------------+-----
Ranged Weapons | 6 7 9 10 12 14 16 19 20 21 22 | 22.0
Fighting       | 2 3 4 6 7 9 10 12 13 15 16 | 16.0
Dodging        | 3 4 5 9 10 12 15 18 20 22 | 22.0
Armour         | 1 2 3 4 5 6 7 9 |  9.3
Invocations    | 3 4 9 10 | 10.0
Stealth        | |  1.2

Action                     |  1- 3 |  4- 6 |  7- 9 | 10-12 | 13-15 | 16-18 || total
---------------------------+-------+-------+-------+-------+-------+-------++-------
   Fire: Shortbow          |    79 |   132 |   387 |       |       |       ||   598
         Orcbow            |       |       |    73 |   532 |       |       ||   605
         Longbow           |       |       |       |   196 |  1122 |  1108 ||  2426
 Invoke: Heroism           |       |       |       |    20 |    39 |    38 ||    97
         Finesse           |       |       |       |     1 |    10 |     4 ||    15
    Use: Scroll            |     8 |     5 |    10 |     5 |     4 |     2 ||    34
         Potion            |     2 |       |     2 |     1 |     4 |     7 ||    16
 Armour: Leather armour    |     3 |       |       |       |       |       ||     3
         Ring mail         |     1 |    22 |    76 |   119 |    88 |   163 ||   469
  Dodge: Dodged            |    14 |    25 |   124 |   339 |   490 |   868 ||  1860
  Block: Other             |       |     2 |    47 |    69 |   100 |    42 ||   260
         Reflection        |       |       |     3 |       |    14 |     5 ||    22

Table legend:
 A = Non-vault XP
 B = Vault XP
 C = Vault XP percentage of total XP
 D = Non-vault monster count
 E = Vault monster count
 F = Vault count percentage of total count
                 A         B        C        D         E       F
            +---------+---------+-------+---------+---------+-------
      Total |  198346 |  127736 |  39.2 |     734 |     259 |  26.1
            +---------+---------+-------+---------+---------+-------
        D:1 |      19 |       0 |   0.0 |      11 |       0 |   0.0
        D:2 |      45 |       2 |   4.3 |      15 |       1 |   6.2
        D:3 |      68 |     282 |  80.6 |      17 |       3 |  15.0
        D:4 |     229 |       0 |   0.0 |      23 |       0 |   0.0
        D:5 |     562 |       0 |   0.0 |      10 |       0 |   0.0
        D:6 |     869 |       0 |   0.0 |      29 |       0 |   0.0
        D:7 |    1168 |       0 |   0.0 |      32 |       0 |   0.0
        D:8 |    1776 |       0 |   0.0 |      20 |       0 |   0.0
        D:9 |    2425 |     259 |   9.6 |      29 |       1 |   3.3
       D:10 |    4086 |       5 |   0.1 |      20 |       3 |  13.0
       D:11 |    2342 |    1650 |  41.3 |      22 |       7 |  24.1
       D:12 |    3613 |    4182 |  53.6 |      13 |      12 |  48.0
       D:13 |    4707 |       0 |   0.0 |      11 |       0 |   0.0
       D:14 |    8096 |   20533 |  71.7 |      19 |      48 |  71.6
       D:15 |    8589 |    3572 |  29.4 |      21 |       5 |  19.2
     Lair:1 |    8594 |    1123 |  11.6 |      37 |       4 |   9.8
     Lair:2 |    5550 |    3196 |  36.5 |      20 |      11 |  35.5
     Lair:3 |   11122 |       0 |   0.0 |      31 |       0 |   0.0
     Lair:4 |    5786 |   10363 |  64.2 |      19 |      21 |  52.5
     Lair:5 |   19787 |   11489 |  36.7 |      49 |      34 |  41.0
    Swamp:1 |   12290 |    6365 |  34.1 |      27 |      10 |  27.0
    Swamp:2 |   11715 |    2854 |  19.6 |      26 |       3 |  10.3
    Swamp:3 |   15729 |       0 |   0.0 |      26 |       0 |   0.0
    Swamp:4 |   13642 |   19026 |  58.2 |      31 |      27 |  46.6
    Snake:1 |   11060 |    1421 |  11.4 |      22 |       2 |   8.3
    Snake:2 |   12627 |    2880 |  18.6 |      26 |       2 |   7.1
    Snake:3 |    9558 |       0 |   0.0 |      16 |       0 |   0.0
      Orc:1 |    3193 |       0 |   0.0 |      48 |       0 |   0.0
      Orc:2 |    2789 |   10051 |  78.3 |      36 |      27 |  42.9
   Vaults:1 |   16310 |   28483 |  63.6 |      28 |      38 |  57.6
            +---------+---------+-------+---------+---------+-------
